 Dungeon Crawl Stone Soup version 0.31-a0-1300-gb6740aa4e6 (webtiles) character file.

Game seed: 3240307635573166773

240 Curundu the Trooper (level 5, 0/47 HPs)
             Began as a Minotaur Berserker on Dec 16, 2023.
             Was a Priest of Trog.
             Slain by a gnoll bouda
             ... wielding a +0 whip
              (2 damage)
             ... on level 4 of the Dungeon on Dec 18, 2023.
             The game lasted 00:08:43 (2809 turns).

Curundu the Trooper (Minotaur Berserker)            Turns: 2809, Time: 00:08:43

Health: 0/47       AC: 14    Str: 24    XL:     5   Next: 79%
Magic:  4/4        EV:  9    Int:  4    God:    Trog [***...]
Gold:   186        SH:  0    Dex:  9    Spells: 4/4 levels left

rFire   . . .        n - +4 dagger
rCold   . . .        (no shield)
rNeg    . . .        c - +0 chain mail
rPois   +            (helmet restricted)
rElec   .            (no cloak)
rCorr   .            (no gloves)
SInv    .            j - +0 pair of boots
Will    .....        (no amulet) Stlth
                     d - +4 ring of protection
HPRegen 0.27/turn    o - ring of poison resistance
MPRegen 0.09/turn

%: no passive effects
@: no status effects
A: horns 2, retaliatory headbutt
a: Renounce Religion, Berserk, Trog's Hand


You were on level 4 of the Dungeon.
You worshipped Trog.
Trog was most pleased with you.
You visited 1 branch of the dungeon, and saw 4 of its levels.

You collected 186 gold pieces.

Inventory:

Hand Weapons
 e - the +1 short sword "Rustemit" {freeze, Str+2 Dex+3}
   (You found it on level 4 of the Dungeon)

   Str+2:     It affects your strength (+2).
   Dex+3:     It affects your dexterity (+3).
 n - a +4 dagger (weapon)
Missiles
 b - 3 javelins
 k - 6 poisoned darts (quivered)
Armour
 c - a +0 chain mail (worn)
 j - a +0 pair of boots (worn)
Jewellery
 d - a +4 ring of protection (left hand)
 o - a ring of poison resistance (right hand)
Scrolls
 a - a scroll of amnesia {unknown}
 f - a scroll of enchant armour {unknown}
 l - 2 scrolls of identify {unknown}
 m - a scroll of enchant weapon {unknown}
Potions
 g - a potion of lignification {unknown}
 h - a potion of ambrosia {unknown}
 i - a potion of curing {unknown}


   Skills:
 + Level 4.8 Fighting
 + Level 2.8(4.0) Short Blades
 + Level 4.8(5.2) Long Blades
 + Level 4.1 Armour
 + Level 2.9 Dodging
 + Level 0.3 Stealth


You had 4 spell levels left.
You didn't know any spells.
Your spell library contained the following spells:

 Spells                   Type           Power      Damage    Failure   Level
 Static Discharge         Conj/Air       0%         3-3/arc   99%         2
 Airstrike                Air            0%         2d(0-16)  100%        4
 Leda's Liquefaction      Tmut/Erth      0%         N/A       100%        4
 Summon Lightning Spire   Summ/Air       0%         N/A       100%        4
 Vhi's Electric Charge    Tloc/Air       0%         N/A       100%        4
 Arcjolt                  Conj/Air       0%         1d10      100%        5
 Lee's Rapid Deconstruct  Erth           0%         3d4*      100%        5
 Bombard                  Conj/Erth      0%         9d1       100%        6
 Plasma Beam              Fire/Air       0%         2x1d10    100%        6


Dungeon Overview and Level Annotations

Branches:
Dungeon (4/15)
 Temple: D:4-7

Altars:
Qazlal
Trog


Innate Abilities, Weirdness & Mutations

You have a pair of horns on your head.
You reflexively headbutt those who attack you in melee.


Message History

The gnoll hits you from afar with a +0 spear.
The gnoll hits you with a +0 whip. The gnoll hits you with a +0 spear.
You closely miss the gnoll.
The gnoll is almost dead.
The gnoll hits you from afar with a +0 spear.
The gnoll hits you with a +0 spear.
* * * LOW HITPOINT WARNING * * *
You hit the gnoll.
You kill the gnoll!
Trog accepts your kill.
The gnoll bouda gazes fiercely through you!
You feel your attacks grow feeble. The gnoll hits you with a +0 whip.
* * * LOW HITPOINT WARNING * * *
The gnoll completely misses you.
You hit the gnoll.
The gnoll is heavily wounded.
The gnoll bouda barely misses you. You furiously retaliate!
You headbutt the gnoll bouda. The gnoll barely misses you.
You closely miss the gnoll. You headbutt the gnoll.
The gnoll is severely wounded.
The gnoll hits you but does no damage.
The gnoll bouda hits you but does no damage.
You hit the gnoll. Your headbutt misses the gnoll.
The gnoll is severely wounded.
The gnoll is no longer moving quickly.
The gnoll hits you but does no damage.
The gnoll hits you from afar with a +0 spear.
* * * LOW HITPOINT WARNING * * *
The gnoll bouda hits you but does no damage.
You hit the gnoll but do no damage.
The gnoll is severely wounded.
The gnoll hits you with a +0 whip!
* * * LOW HITPOINT WARNING * * *
The gnoll hits you from afar with a +0 spear.
* * * LOW HITPOINT WARNING * * *
You barely miss the gnoll.
The gnoll is severely wounded.
Your attacks no longer feel as feeble.
The gnoll bouda hits you with a +0 whip.
You die...

..............[.....).#.#)
.##.......####.######<#.##
[.#.##..#.# #.# #.#.##
....##..#.# #.# #.#.#
......g....#.# #.# #.#.#
.......g...#.# #.# #.#.##
.......##.g.# #.# #.#... #
#...#.##.#)# #.# #.#### #
#.#..##.##>#@# #.# #.#
#.##.#........gg# #.# #.#
..............# #.# #.# #
#.##.#..##.##.### #.# #.#
# ...........##.# #.#
##.#### #.####..#####.##
#.# #.>....
#.####.........#####.#
#..####
....................<#
#..####
........##############
#......


You could see a gnoll bouda and 2 gnolls.

Vanquished Creatures
  An ogre (D:4)
  A hound (D:4)
  A sleepcap (D:4)
  A gnoll (D:4)
  An adder (D:4)
  3 worms (D:2)
  A dart slug (D:2)
  6 ball pythons
  8 endoplasms
  4 giant cockroaches
  8 goblins
  5 hobgoblins
  6 jackals
  5 kobolds
  4 quokkas
  A bat (D:1)
  3 frilled lizards
  6 rats
65 creatures vanquished.

Vanquished Creatures (others)
  An arcanist (D:3)
1 creature vanquished.

Grand Total: 66 creatures vanquished

Notes
Turn   | Place    | Note
-------+----------+-------------------------------------------
     0 | D:1      | Curundu the Minotaur Berserker began the quest for the Orb.
     0 | D:1      | Reached XP level 1. HP: 19/19 MP: 0/0
   241 | D:1      | Reached XP level 2. HP: 23/27 MP: 1/1
   384 | D:1      | Found a faded altar of an unknown god.
   409 | D:1      | Reached ** piety under Trog
   792 | D:2      | Upgraded the game from 0.31-a0-1267-gfedaa18580 to
                  | 0.31-a0-1300-gb6740aa4e6
   806 | D:2      | Reached XP level 3. HP: 30/33 MP: 2/2
  1619 | D:3      | Reached skill level 1 in Short Blades
  1735 | D:3      | Found a stormy altar of Qazlal.
  2084 | D:3      | Found a bloodstained altar of Trog.
  2088 | D:3      | Noticed an arcanist
  2093 | D:3      | Killed an arcanist
  2342 | D:4      | Reached XP level 4. HP: 41/41 MP: 3/3
  2410 | D:4      | Identified the +1 short sword "Rustemit" {freeze, Str+2
                  | Dex+3}
  2569 | D:4      | Reached *** piety under Trog
  2616 | D:4      | Reached XP level 5. HP: 41/47 MP: 4/4
  2677 | D:4      | Noticed an ogre
  2685 | D:4      | Killed an ogre
  2808 | D:4      | HP: 1/47 [gnoll/+0 spear[a gnoll bouda] (3)]
  2809 | D:4      | Slain by a gnoll bouda

Illustrated notes

Levels and vault maps discovered:
D:1:      nagdon_arrival_zigzag_paths, layout_basic,
          ebering_ecumenical_altar_ruins
D:2:      layout_loops_ring, reono_crystal_passage, feat_on_display
D:3:      layout_basic, trog_wizard, nicolae_overflow_hidden_temple
D:4:      layout_loops_ring, marbit_many_paths,
          mainiacjoe_overflow_surrounded_room, grunt_decor_resistance,
          uniq_eustachio

Skill      XL: |  1  2  3  4  5 |
---------------+----------------+-----
Long Blades    | 4 |  4.8
Fighting       | 4 |  4.8
Short Blades   | 1 2 |  2.8
Armour         | 3 4 |  4.1
Dodging        | |  2.9
Stealth        | |  0.3

Action                     |  1- 3 |  4- 6 || total
---------------------------+-------+-------++-------
  Melee: Falchion          |    42 |       ||    42
         Headbutt          |    25 |    13 ||    38
         Dagger            |   114 |    63 ||   177
         Punch             |     1 |     2 ||     3
 Armour: Animal skin       |    10 |       ||    10
         Chain mail        |    76 |    56 ||   132
  Dodge: Dodged            |    53 |    18 ||    71

Table legend: (Time is in decaauts)
 A = Elapsed time spent in this place.
 B = Non-inter-level travel time spent in this place.
 C = Inter-level travel time spent in this place.
 D = Time resting spent in this place.
 E = Time spent auto-exploring this place.
 F = Levels seen in this place.
 G = Mean time per level.
                   A        B        C        D        E       F      G
               +--------+--------+--------+--------+--------+-----+--------+
         Total |   2745 |   2745 |      0 |      0 |   2125 |   4 |  686.2 |
       Dungeon |   2745 |   2745 |      0 |      0 |   2125 |   4 |  686.2 |
               +--------+--------+--------+--------+--------+-----+--------+

Top non-repeatable levels by time:
     D:1: 792 daAuts
     D:3: 757 daAuts
     D:2: 746 daAuts
     D:4: 449 daAuts
